Map: Ulrena

Players

Yann

  • Race: Protoss Protoss
  • League: Silver

pupu - Winner!

  • Race: Protoss Protoss
  • League: Silver

VOD

Have the link to the VOD?

Description

Time

  • Played on: April 9, 2016, 4:40 a.m.
  • Length: 8:11
Show
View Real Time Build Order
Export as new Build Order

Yann Protoss 

Build Orders:  

Get SALT Encoding   

  12  0:02  Probe (Chrono Boost)  
  13  0:12  Probe (Chrono Boost)  
  14  0:18  Pylon  
  14  0:23  Probe (Chrono Boost)  
  15  0:36  Probe (Chrono Boost)  
  15  0:39  Gateway  
  16  0:47  Probe (Chrono Boost)  
  17  0:50  Assimilator  
  17  0:58  Probe (Chrono Boost)  
  18  1:08  Probe (Chrono Boost)  
  19  1:19  Probe (Chrono Boost)  
  20  1:28  Cybernetics Core  
  20  1:29  Probe (Chrono Boost)  
  20  1:30  Pylon  
  22  1:40  Probe (Chrono Boost)  
  22  1:48  Zealot  
  22  1:51  Assimilator  
  24  1:57  Gateway  
  24  1:58  Probe (Chrono Boost)  
  25  2:06  Warp Gate (Chrono Boost)  
  25  2:09  Probe (Chrono Boost)  
  25  2:10  Gateway  
  26  2:18  Zealot  
  26  2:20  Probe  
  29  2:28  Twilight Council  
  29  2:32  Probe  
  30  2:55  Probe  
  31  3:06  Pylon  
  31  3:18  Charge (Chrono Boost)  
  31  3:24  Probe, Zealot x3  
  37  3:48  Probe  
  37  4:07  Pylon  
  37  4:10  Zealot  
  37  4:16  Pylon  
  39  4:18  Pylon  
  39  4:34  Pylon  
  39  4:39  Forge  
  39  4:41  Zealot x3  
  45  4:51  Robotics Facility  
  45  4:53  Gateway  
  45  4:57  Pylon  
  45  5:02  Zealot x2  
  45  5:03  Zealot  
  51  5:21  Photon Cannon  
  51  5:35  Zealot x2  
  53  5:36  Zealot  
  53  5:41  Immortal (Chrono Boost)  
  61  5:57  Probe  
  62  6:00  Zealot x3  
  62  6:01  Zealot  
  70  6:20  Immortal (Chrono Boost)  
  70  6:22  Zealot x2  
  78  6:30  Pylon  
  8  7:45  Probe  
Show
View Real Time Build Order
Export as new Build Order

pupu Protoss - Winner!

Build Orders:  

Get SALT Encoding   

  12  0:01  Probe (Chrono Boost)  
  13  0:11  Probe (Chrono Boost)  
  14  0:19  Pylon  
  14  0:22  Probe (Chrono Boost)  
  15  0:37  Probe (Chrono Boost), Gateway  
  16  0:44  Assimilator  
  16  0:48  Probe (Chrono Boost)  
  17  0:54  Assimilator  
  17  0:58  Probe (Chrono Boost)  
  18  1:09  Probe (Chrono Boost)  
  19  1:19  Probe (Chrono Boost)  
  19  1:24  Cybernetics Core  
  20  1:28  Pylon  
  20  1:30  Probe (Chrono Boost)  
  21  1:40  Probe (Chrono Boost)  
  22  1:51  Probe (Chrono Boost)  
  23  2:05  Nexus  
  23  2:08  Warp Gate (Chrono Boost)  
  25  2:15  Adept (Chrono Boost)  
  25  2:18  Probe  
  26  2:33  Stargate  
  26  2:35  Probe  
  27  2:49  Probe  
  28  3:01  Mothership Core  
  28  3:02  Pylon  
  30  3:22  Probe  
  31  3:37  Probe  
  31  3:41  Void Ray (Chrono Boost)  
  34  3:43  Probe  
  37  3:50  Probe  
  37  3:51  Gateway  
  38  3:56  Probe, Gateway  
  38  3:58  Pylon  
  38  4:02  Probe  
  38  4:11  Stargate  
  38  4:14  Probe  
  38  4:16  Probe, Gateway  
  40  4:17  Gateway  
  40  4:20  Pylon  
  40  4:25  Probe  
  40  4:28  Probe  
  42  4:34  Void Ray (Chrono Boost)  
  42  4:36  Protoss Air Weapons Level 1  
  46  4:41  Probe  
  46  4:42  Probe  
  48  4:50  Stalker  
  50  4:59  Void Ray (Chrono Boost)  
  54  5:02  Sentry  
  56  5:09  Probe, Stalker  
  56  5:11  Probe  
  60  5:27  Void Ray (Chrono Boost)  
  64  5:34  Probe x2  
  66  5:38  Assimilator  
  66  5:41  Pylon  
  66  5:46  Probe x2, Pylon  
  68  5:55  Zealot  
  70  5:59  Void Ray (Chrono Boost)  
  70  6:01  Probe x2  
  76  6:07  Assimilator  
  76  6:10  Pylon  
  76  6:12  Pylon  
  76  6:13  Probe x2  
  72  7:04  Zealot x5  
  63  7:56  Pylon  
  63  7:59  Pylon  
  63  8:02  Pylon  
  63  8:05  Pylon  
  63  8:06  Pylon  
Tags
 
Matchup
PvP
Add a new tag
Caveats
  • Supply blocks, unpowered buildings, or Contaminate may cause inaccurate times.
  • Supply counts are checked every 10 seconds.